[Event "Live Chess"]
[Site "Chess.com"]
[Date "2023.05.20"]
[Round "-"]
[White "CheckString"]
[Black "BostonStrangler"]
[Result "0-1"]
[WhiteElo "1226"]
[BlackElo "2086"]
[TimeControl "300"]
[EndTime "10:35:11 PDT"]
[Termination "BostonStrangler won by resignation"]

1. e4 c5 2. c3 d5 3. Na3 dxe4 4. Bc4 Nf6 5. f3 Nc6 6. fxe4 Nxe4 7. Nf3 e6 8. O-O Be7 9. d3 Nf6 10. Bg5 O-O 11.
Qc2 a6 12. Rad1 b5 13. Bb3 Bb7 14. d4 cxd4 15. cxd4 Qb6 16. Be3 Nb4 17. Qf2 Nbd5 18. Rc1 Nxe3 19. Qxe3 Nd5 20. Qe5 Bf6 21. Qe1 0-1

[Event "Live Chess"]
[Site "Chess.com"]
[Date "2023.05.20"]
[Round "-"]
[White "noobsmoker24"]
[Black "Olisingapore"]
[Result "0-1"]
[WhiteElo "1379"]
[BlackElo "1940"]
[TimeControl "300"]
[EndTime "10:35:13 PDT"]
[Termination "Olisingapore won by checkmate"]

1. e4 c5 2. Nf3 d6 3. d4 cxd4 4.
Nxd4 Nf6 5. Nc3 a6 6. Be2 e5 7. Nb3 Be7 8. Be3 O-O 9. Qd2 Be6 10. f3 h5 11. O-O-O Nbd7 12. h3 Rc8 13. g4 hxg4 14. hxg4 Re8 15. g5 Nh7 16. f4 exf4 17. Bxf4 Bxg5 18.
Rxh7 Bxf4 19. Qxf4 Kxh7 20. Rh1+ Kg8 21. Qh2 Qg5+ 22. Kb1 Qh6 23. Qg2 Qg6 24. Qh2 Qh6 25. Qg2 Qf6 26. Qh2 g6 27. Nd5 Bxd5 28. exd5 Ne5 29.
Nd2 b5 30. Ne4 Qg7 31. Nxd6 f5 32. Nxc8 Rxc8 33. d6 Rd8 34. Rd1 Qf6 35. Qg3 Rxd6 36. Rxd6 Qxd6 37. Bd3 Qc6 38. Be2 Qh1+ 39. Bd1 Qxd1# 0-1

[Event "Live Chess"]
[Site "Chess.com"]
[Date "2023.05.20"]
[Round "-"]
[White "Misha145Chess"]
[Black "zdanevych"]
[Result "1/2-1/2"]
[WhiteElo "619"]
[BlackElo "1545"]
[TimeControl "300"]
[EndTime "10:35:27 PDT"]
[Termination "Game drawn by stalemate"]

1. g4 d5 2. Bg2 e5 3. d3 Nc6 4.
Bd2 Bxg4 5. c4 d4 6. Bxc6+ bxc6 7. h3 Bh5 8. Qc2 Nf6 9. e3 dxe3 10. Bxe3 Bd6 11. Nc3 O-O 12. c5 Be7 13. Nge2 Bf3 14.
Rh2 Nd5 15. Nxd5 cxd5 16. O-O-O d4 17. Bd2 c6 18. Bb4 a5 19. Ba3 Rb8 20. Re1 Qd5 21. b3 Rb5 22. Qc4 Bxc5 23. Qxd5 Bxd5 24. Bxc5 Rxc5+ 25. Kb2 h6 26. a3 Rb8 27. Nc1 Rcb5 28. Rxe5 Bxb3 29. Rxb5 Rxb5 30. Nxb3 a4 31. f4 axb3 32. a4 Rb6 33. a5 Ra6 34. Ka3 Rxa5+ 35. Kxb3 c5 36.
Kc4 f6 37. Rc2 Kf7 38. Kd5 Ra3 39. Kc4 Ke6 40. Rd2 Kd6 41. f5 Ra4+ 42. Kb3 Rb4+ 43. Kc2 Kd5 44. h4 c4 45. dxc4+ Rxc4+ 46. Kd3 Rc3+ 47.
Ke2 Re3+ 48. Kd1 Rf3 49. h5 Rxf5 50. Ke2 Re5+ 51. Kd3 Rxh5 52. Rh2 Rxh2 1/2-1/2

[Event "Live Chess"]
[Site "Chess.com"]
[Date "2023.05.20"]
[Round "-"]
[White "lightningorderyt"]
[Black "ranvir123"]
[Result "1-0"]
[WhiteElo "549"]
[BlackElo "886"]
[TimeControl "300"]
[EndTime "10:35:38 PDT"]
[Termination "lightningorderyt won by checkmate"]

1. d4 e5 2. e3 exd4 3. exd4 Qe7+ 4. Be3 Qb4+ 5. Nc3 Nf6 6. b3 Qxc3+ 7. Bd2 Qc6 8. Nf3 d5 9. a4 Bg4 10. Bb5 Bxf3 11. Qxf3 Qxb5 12. axb5 Nbd7 13. O-O O-O-O 14. Bg5 h6 15. Bh4 Be7 16. Bg3 Rhe8 17. Qf4 Bd6 18. Qf3 Bxg3 19. Qxg3 Nh5 20. Qc3 Re2 21. Qf3 Rxc2 22.
Qxh5 Nf6 23. Qf5+ Kb8 24. Qxc2 Re8 25. b6 cxb6 26. Rfc1 Nh5 27. Qc7+ Ka8 28. Qxf7 Re2 29. Rc8# 1-0

[Event "Live Chess"]
[Site "Chess.com"]
[Date "2023.05.20"]
[Round "-"]
[White "bristolunichess"]
[Black "WelshTiger"]
[Result "0-1"]
[WhiteElo "1811"]
[BlackElo "2438"]
[TimeControl "300"]
[EndTime "10:35:40 PDT"]
[Termination "WelshTiger won on time"]

1. d4 d5 2. Nf3 e6 3. Nc3 c5 4. e3 Nc6 5. Be2 Nf6 6. O-O Bd6 7.
b3 O-O 8. Bb2 a6 9. Qd2 b5 10.
dxc5 Bxc5 11. Rad1 Bb7 12. Ne5 Nxe5 13. Nxd5 Qxd5 14.
Qxd5 Bxd5 15. Bxe5 Rfd8 16. c4 Bc6 17. Rd3 Rxd3 18.
Bxd3 Rd8 19. Bxf6 Rxd3 20. Bh4 f5 21. f3 Bxe3+ 22. Kh1 bxc4 23. bxc4 Rc3 24. Bf2 Rc1 25. Rxc1 Bxc1 26. Bb6 Kf7 27. c5 e5 28. Kg1 Be3+ 29. Kf1 Ke6 30. Ke2 Bg1 31. Kd3 Kd5 32. Kc2 Bxc5 33.
Kb3 Bxb6 0-1

[Event "Live Chess"]
[Site "Chess.com"]
[Date "2023.05.20"]
[Round "-"]
[White "laki79"]
[Black "JackRudd"]
[Result "1/2-1/2"]
[WhiteElo "2318"]
[BlackElo "2414"]
[TimeControl "300"]
[EndTime "10:35:43 PDT"]
[Termination "Game drawn by repetition"]

1. d4 Nf6 2. c4 e6 3. Nc3 Bb4 4. e3 b6 5. Bd3 Bb7 6. Ne2 Bxg2 7. Rg1 Be4 8. a3 Bxc3+ 9. Nxc3 Bg6 10. e4 Nc6 11. Be3 e5 12. d5 Nd4 13. f4 Bh5 14. Be2 Bxe2 15. Nxe2 Nxe4 16. Nxd4 Qh4+ 17. Ke2 exd4 18.
Qxd4 f5 19. Qe5+ Kd8 20. Rxg7 Re8 21. Qxf5 Qxh2+ 22. Kd3 Kc8 23. Qxd7+ Kb7 24. Qc6+ Ka6 25. Qb5+ Kb7 26. Qc6+ Ka6 27. Qb5+ Kb7 28. Qc6+ 1/2-1/2

[Event "Live Chess"]
[Site "Chess.com"]
[Date "2023.05.20"]
[Round "-"]
[White "CeladonFish"]
[Black "Ninifu"]
[Result "0-1"]
[WhiteElo "1011"]
[BlackElo "1990"]
[TimeControl "300"]
[EndTime "10:35:45 PDT"]
[Termination "Ninifu won by checkmate"]

1. d4 Nf6 2. c4 g6 3. Nc3 Bg7 4. Bf4 O-O 5. Nf3 c5 6. d5 d6 7. e4 Nbd7 8. Bd3 Ng4 9. h3 Nge5 10. Nxe5 Nxe5 11. Bxe5 Bxe5 12. O-O e6 13. dxe6 Bxe6 14.
Nd5 Bxd5 15. cxd5 a6 16. Qb3 b5 17. f4 Bd4+ 18. Kh1 c4 19. Qb4 a5 20. Qxb5 cxd3 21.
Qxd3 Bxb2 22. Rab1 Rb8 23. Rf2 Bg7 24. Rxb8 Qxb8 25.
Qb3 Qxb3 26. axb3 Rb8 27. Rf3 Rb4 28. Kg1 Rxe4 29. Kf2 Bd4+ 30. Kg3 Re3 31. Rxe3 Bxe3 32. Kf3 Bc5 33. Ke4 f5+ 34. Kd3 Kf8 35. Ke2 Ke8 36. Kf3 Kd8 37. g4 fxg4+ 38. Kxg4 h6 39. h4 Ke7 40. f5 Kf7 41. fxg6+ Kxg6 42. h5+ Kf6 43. Kf4 Bb4 44. Kg4 Ke5 45. Kf3 Kxd5 46. Kg4 Ke5 47. Kf3 d5 48. Kg4 d4 49. Kf3 d3 50. Ke3 d2 51.
Ke2 Kd4 52. Kd1 Kc3 53. Ke2 Kc2 54. Ke3 d1=Q 55. Ke4 Qd6 56. Kf3 Kd3 57. Kg4 Ke4 58.
Kh3 Kf3 59. Kh4 Qg3# 0-1

[Event "Live Chess"]
[Site "Chess.com"]
[Date "2023.05.20"]
[Round "-"]
[White "Hacker_2009"]
[Black "TheSmoulderingMaster"]
[Result "1-0"]
[WhiteElo "1914"]
[BlackElo "1784"]
[TimeControl "300"]
[EndTime "10:35:46 PDT"]
[Termination "Hacker_2009 won by resignation"]

1. d4 Nf6 2. Nf3 d6 3. c4 g6 4. Nc3 Bg7 5. e4 O-O 6. Be2 e5 7. O-O Nc6 8. d5 Nd4 9. Nxd4 exd4 10.
Qxd4 Re8 11. Bf3 Nxe4 12. Qd3 Nxc3 13. bxc3 Bf5 14. Qd2 Qf6 15. Ba3 Qxc3 16. Qxc3 Bxc3 17. Rac1 Bd2 18. Rcd1 Bf4 19. g3 Bg5 20. Bg2 Bc2 21.
Rde1 Bd3 22. Rxe8+ Rxe8 23. Rd1 Bxc4 24. Rd4 Bxa2 25.
h4 Bf6 26. Ra4 Re1+ 27. Kh2 Re2 28. Kg1 Rd2 29. Rxa7 Bd4 30. Rxb7 Bxf2+ 31. Kh2 Bb6 32. Kh3 Bb1 33. Bc1 Bf5+ 34. Kh2 Rc2 35. Bg5 Be4 36.
Bf6 Rxg2+ 37. Kh3 Ba7 38. Rxa7 Bxd5 39. Rxc7 Be6+ 40. Kxg2 1-0

[Event "Live Chess"]
[Site "Chess.com"]
[Date "2023.05.20"]
[Round "-"]
[White "Davidagye"]
[Black "AttackingSnowLeopard"]
[Result "0-1"]
[WhiteElo "1656"]
[BlackElo "2070"]
[TimeControl "300"]
[EndTime "10:35:53 PDT"]
[Termination "AttackingSnowLeopard won by resignation"]

1. b4 e5 2. Bb2 d6 3. c4 Nf6 4. e3 a5 5. b5 Be7 6. Nf3 O-O 7. d4 exd4 8. Nxd4 d5 9. Bd3 dxc4 10. Bxc4 Bb4+ 11.
Nd2 c5 12. bxc6 Nxc6 13. Nxc6 bxc6 14. Bd4 c5 15. Be5 Ne4 16. O-O Nxd2 17. a3 Nxc4 0-1

[Event "Live Chess"]
[Site "Chess.com"]
[Date "2023.05.20"]
[Round "-"]
[White "lateforthesky"]
[Black "FlyingChessKestrel13"]
[Result "0-1"]
[WhiteElo "2068"]
[BlackElo "2127"]
[TimeControl "300"]
[EndTime "10:35:55 PDT"]
[Termination "FlyingChessKestrel13 won by resignation"]

1. e4 Nc6 2. Nf3 e6 3. g3 d5 4. exd5 exd5 5. Bg2 Be6 6. O-O Nf6 7. d4 Bd6 8. Re1 O-O 9. h3 Qd7 10. Kh2 Ne4 11. Qe2 Rfe8 12. c4 Bf5 13. cxd5 Nb4 14. Ne5 Bxe5 15. dxe5 Nc5 16. Nc3 Nc2 17. Bf4 Nxe1 18. Rxe1 Nd3 19. Rd1 Nxf4 20. gxf4 Qe7 21.
Qh5 g6 22. Qf3 Rad8 23. Ne2 f6 24. Nd4 fxe5 25. Nxf5 gxf5 26. fxe5 Qxe5+ 27. Kh1 Kh8 28. Qh5 f4 29. Qxe5+ Rxe5 30. Bf3 c6 31. d6 h5 32. Rd4 Kg7 33. Rxf4 Rxd6 34. Rb4 b5 35. a4 a5 36. Rh4 Kh6 37. axb5 Rxb5 38. Rc4 Rxb2 39. Bxc6 Rxf2 40. Kg1 Rb2 0-1

[Event "Live Chess"]
[Site "Chess.com"]
[Date "2023.05.20"]
[Round "-"]
[White "Reggie016"]
[Black "OceanFloater"]
[Result "1-0"]
[WhiteElo "1070"]
[BlackElo "988"]
[TimeControl "300"]
[EndTime "10:36:04 PDT"]
[Termination "Reggie016 won by checkmate"]

1. e4 c6 2. d4 d5 3. Nc3 e6 4. exd5 cxd5 5. Nf3 Bb4 6. Bd2 Nc6 7. Bb5 a6 8. Bxc6+ bxc6 9. Ne5 Qc7 10. O-O f6 11. Qh5+ g6 12. Nxg6 Qf7 13. g4 Ne7 14.
Nxh8 Qxh5 15. gxh5 Kf8 16. Kh1 Kg7 17. Ng6 hxg6 18.
hxg6 Nxg6 19. Rg1 Bd7 20. Rae1 Rh8 21. a3 Bd6 22. Rg2 Kf7 23. Reg1 Nf4 24. Rg7+ Ke8 25. Rg8+ Rxg8 26. Rxg8+ Kf7 27. Ra8 Nh3 28. Kg2 e5 29. dxe5 Bxe5 30. Rxa6 d4 31. Ne4 c5 32. Nxc5 Ng5 33.
Nxd7 Ne4 34. Nxe5+ fxe5 35. Bb4 Nf6 36. h4 Nd7 37. h5 Nf6 38. h6 Nh7 39. Bd2 Kg8 40.
Kf3 Kf7 41. Ke4 Ng5+ 42. Kxe5 Nf3+ 43. Ke4 Nxd2+ 44. Kxd4 Nf3+ 45. Ke4 Ng5+ 46. Kf5 Nh7 47. b4 Nf8 48. b5 Nd7 49. b6 Kg8 50. b7 Kh7 51.
Rd6 Nb8 52. Rd8 Na6 53. b8=Q Nxb8 54. Rxb8 Kxh6 55. a4 Kg7 56. a5 Kf7 57. a6 Ke7 58. a7 Kd7 59. a8=Q Kd6 60. Qa5 Kc6 61. Rb6+ Kc7 62.
Qa7+ Kc8 63. Rb8# 1-0

[Event "Live Chess"]
[Site "Chess.com"]
[Date "2023.05.20"]
[Round "-"]
[White "lHolyDiverl"]
[Black "alanmike75"]
[Result "0-1"]
[WhiteElo "562"]
[BlackElo "1480"]
[TimeControl "300"]
[EndTime "10:36:11 PDT"]
[Termination "alanmike75 won on time"]

1. d4 d5 2. Nc3 Nf6 3. Bf4 e6 4.
Nb5 Bd6 5. Nxd6+ cxd6 6. e3 O-O 7. Nf3 Nc6 8. Be2 Re8 9. O-O e5 10. dxe5 dxe5 11. Bg5 Be6 12. Bb5 h6 13. Nxe5 Nxe5 14.
Bxe8 Qxe8 15. Bxf6 gxf6 16. f4 Nc4 17. Qd4 Kg7 18.
f5 Bd7 19. b3 Qxe3+ 20. Qxe3 Nxe3 21. Rfe1 Nxc2 22. Re7 Nxa1 23. Rxd7 b6 24. Rxd5 Nc2 25. Rd3 Nb4 26. Rg3+ Kh7 27. a3 Nc6 28. Rc3 Ne5 29. Rc7 Kg7 30. Rc3 Rd8 31. Rg3+ Kf8 32. h3 Rd3 33.
Rxd3 Nxd3 34. Kf1 Ke8 35. Ke2 Nc1+ 36. Kd2 Nxb3+ 37. Ke3 Kd7 38. Ke4 Kd6 39. g4 a5 40.
h4 b5 0-1

[Event "Live Chess"]
[Site "Chess.com"]
[Date "2023.05.20"]
[Round "-"]
[White "Dark_Night123"]
[Black "Yehor20132013"]
[Result "1-0"]
[WhiteElo "1582"]
[BlackElo "560"]
[TimeControl "300"]
[EndTime "10:36:11 PDT"]
[Termination "Dark_Night123 won by checkmate"]

1. e4 e5 2. Nf3 Bd6 3. d4 Nc6 4. d5 Nce7 5. Nc3 Bb4 6. a3 Bxc3+ 7. bxc3 Nf6 8. Bd3 O-O 9. Bg5 h6 10. Bxf6 gxf6 11. Qd2 Ng6 12. Qxh6 Nh4 13. Nxh4 Re8 14.
Nf5 Qe7 15. Qg7# 1-0

[Event "Live Chess"]
[Site "Chess.com"]
[Date "2023.05.20"]
[Round "-"]
[White "Bob2pen"]
[Black "xx_blindpuffin_xx"]
[Result "0-1"]
[WhiteElo "1726"]
[BlackElo "2189"]
[TimeControl "300"]
[EndTime "10:36:15 PDT"]
[Termination "xx_blindpuffin_xx won by resignation"]

1. c4 e6 2. g3 d5 3. Bg2 c6 4.
Nf3 Nf6 5. O-O Be7 6. b3 O-O 7. Bb2 b6 8. d3 Bb7 9. Nbd2 Nbd7 10. Re1 Rc8 11. e4 dxe4 12. dxe4 Nc5 13. Qe2 Nd3 14. Bc3 Nxe1 15. Rxe1 c5 16. e5 Nd7 17.
Ne4 Qc7 18. Rd1 Rfd8 19. Nd6 Nf8 20. Nxc8 Qxc8 21. Rxd8 Bxd8 22. Qd3 Ng6 23. Nd2 Bxg2 24. Kxg2 h5 25. Ne4 Bc7 26. Ng5 h4 27. Qe2 Bd8 28.
Ne4 Qc6 29. Qf3 Qd7 30. Nd6 Bc7 31. Qd3 Qc6+ 32. Qf3 h3+ 0-1

[Event "Live Chess"]
[Site "Chess.com"]
[Date "2023.05.20"]
[Round "-"]
[White "Mikhail_Golubev"]
[Black "Ferrarifan27"]
[Result "1-0"]
[WhiteElo "2541"]
[BlackElo "2083"]
[TimeControl "300"]
[EndTime "10:36:20 PDT"]
[Termination "Mikhail_Golubev won by checkmate"]

1. e4 e5 2. Nf3 Nc6 3. Bc4 Bc5 4. c3 Nf6 5. d4 exd4 6. cxd4 Bb4+ 7. Nbd2 Nxe4 8. d5 Na5 9. O-O Nxc4 10. Nxe4 Nd6 11.
Qd4 Nxe4 12. Qxb4 Nd6 13. Re1+ Kf8 14. Bf4 Qf6 15. Bg5 Qg6 16. Be7+ Kg8 17. Bxd6 Qxd6 18. Re8+ Qf8 19. Rxf8# 1-0

[Event "Live Chess"]
[Site "Chess.com"]
[Date "2023.05.20"]
[Round "-"]
[White "vinni3012"]
[Black "seabuck"]
[Result "0-1"]
[WhiteElo "1856"]
[BlackElo "1858"]
[TimeControl "300"]
[EndTime "10:36:29 PDT"]
[Termination "seabuck won by resignation"]

1. d4 e6 2. c4 d5 3. Nc3 c5 4. cxd5 exd5 5. Nf3 Nc6 6. dxc5 d4 7. Ne4 Bf5 8. Nd6+ Bxd6 9. cxd6 Qxd6 10. e3 Rd8 11. exd4 Nxd4 12. Nxd4 Qxd4 13. Qxd4 Rxd4 14. Bb5+ Bd7 15.
Bxd7+ Kxd7 16. Be3 Re4 17. Rd1+ Kc7 18. O-O Nf6 19. Rc1+ Kb8 20. g3 Nd5 21. Rfe1 Rhe8 22. Bd2 g6 23. Kg2 a6 24. Kf3 R4e6 25. Rxe6 Rxe6 26.
Re1 Rf6+ 27. Kg2 Kc7 28. f4 b5 29. Re5 Kc6 30. Kf3 Rd6 31. Ke4 Nf6+ 32. Ke3 Ng4+ 33. Ke2 Nxe5 34. fxe5 Re6 35. Bc3 Kd5 36. a3 f6 0-1

[Event "Live Chess"]
[Site "Chess.com"]
[Date "2023.05.20"]
[Round "-"]
[White "ViktorTheCoolBoy"]
[Black "Doge_Dandolo"]
[Result "1-0"]
[WhiteElo "2540"]
[BlackElo "2123"]
[TimeControl "300"]
[EndTime "10:36:30 PDT"]
[Termination "ViktorTheCoolBoy won by resignation"]

1. d4 d5 2. Nf3 Nf6 3. c4 c6 4. Nc3 a6 5. e3 Bf5 6. a4 a5 7. Qb3 e6 8. Qxb7 Nbd7 9. Qb3 Rb8 10. Qd1 c5 11. cxd5 exd5 12. Bb5 Bd6 13. dxc5 Bxc5 14. Nd4 Bg4 15. Qb3 O-O 16. Nc6 Qb6 17. Nxb8 Rxb8 18. O-O Ne5 19. Nxd5 Nxd5 20. Qxd5 Ng6 21.
Qc6 Qa7 22. b3 Rc8 23. Qe4 Be6 24. Bb2 Bxb3 25. Rac1 Rd8 26. h4 Bd5 27. Qg4 Bf8 28.
h5 Be6 29. Qg3 Ne7 30. e4 Qb7 31. Rfe1 Qb6 32. Bxg7 Bxg7 33. h6 Ng6 34. hxg7 Kxg7 35. Red1 Bb3 36. Qxb3 1-0

[Event "Live Chess"]
[Site "Chess.com"]
[Date "2023.05.20"]
[Round "-"]
[White "djw60"]
[Black "McSlash1"]
[Result "0-1"]
[WhiteElo "2100"]
[BlackElo "2066"]
[TimeControl "300"]
[EndTime "10:36:34 PDT"]
[Termination "McSlash1 won on time"]

1. Nf3 Nf6 2. g3 g6 3. Bg2 Bg7 4. O-O O-O 5. d3 d5 6. Nbd2 c5 7. e4 d4 8. a4 Nc6 9. Nc4 Nd7 10. a5 Rb8 11. Bd2 b5 12. axb6 axb6 13. Qe2 b5 14.
Na5 Qc7 15. Nxc6 Qxc6 16. c3 e5 17. b4 Bb7 18. Rfc1 f5 19. cxd4 exd4 20. bxc5 fxe4 21. Ng5 Qf6 22. Nxe4 Bxe4 23. Bxe4 Rbe8 24. c6 Ne5 25. f4 Nxc6 26. Rxc6 Qxc6 27. Bxc6 Rxe2 28. Bb4 Rc8 29. Bd5+ Kh8 30. Bf3 Rb2 31. Ba3 Rb3 32. Be4 b4 33.
Bc1 Rbc3 34. Bd2 Rc2 35. Bxb4 Rc1+ 36. Rxc1 Rxc1+ 37. Kg2 Kg8 38. h4 Kf7 39. h5 Rb1 40.
Bd6 Ke6 41. Bc7 Rc1 42. Bd8 gxh5 43. Bxh7 Bf6 44. Bxf6 Kxf6 45. Kf3 Rc2 46. Be4 Ke6 47. Bb7 Rb2 48. Be4 Rb1 49. Bg6 Rh1 50. Ke4 Kf6 51.
Be8 h4 52. Bc6 h3 53. Kxd4 Re1 54. g4 h2 55. g5+ Kf7 56. f5 h1=Q 57. Bxh1 Rxh1 58.
Ke5 Re1+ 59. Kf4 Rf1+ 60. Ke5 Kg7 61. d4 Rd1 62. d5 Kf7 63. d6 Ke8 64. g6 Kd7 65. f6 Rg1 66. g7 Re1+ 67. Kf5 Rf1+ 68. Kg6 Kxd6 69. f7 Ke7 70. g8=Q Rg1+ 71. Kh7 Rh1+ 72. Kg7 Rg1+ 73. Kh6 Rh1+ 0-1

[Event "Live Chess"]
[Site "Chess.com"]
[Date "2023.05.20"]
[Round "-"]
[White "GMHarry-youtube"]
[Black "boilerboy1"]
[Result "1-0"]
[WhiteElo "2154"]
[BlackElo "1085"]
[TimeControl "300"]
[EndTime "10:36:35 PDT"]
[Termination "GMHarry-youtube won by checkmate"]

1. e4 e5 2. g3 Nf6 3. d4 exd4 4. e5 Nd5 5. c4 Ne7 6. Qxd4 Nbc6 7. Qe3 Nf5 8. Qe2 Ncd4 9. Qe4 Bc5 10. a3 O-O 11.
b4 Be7 12. Bb2 d6 13. Bxd4 dxe5 14. Bxe5 Be6 15. Bd3 g6 16. Ne2 c6 17. Nd4 Nxd4 18.
Bxd4 Bf6 19. Bxf6 Qxf6 20. Nd2 Qxa1+ 21. Bb1 Qxa3 22. h4 Qxb4 23. h5 Bf5 24. Qd4 Bxb1 25.
h6 f6 26. Qd7 Rfe8+ 27. Kf1 Qxd2 28. Qg7# 1-0

[Event "Live Chess"]
[Site "Chess.com"]
[Date "2023.05.20"]
[Round "-"]
[White "DenDenTie"]
[Black "KuriyamaMiraiUA"]
[Result "0-1"]
[WhiteElo "689"]
[BlackElo "676"]
[TimeControl "300"]
[EndTime "10:36:39 PDT"]
[Termination "KuriyamaMiraiUA won by resignation"]

1. e4 c6 2. Nf3 d5 3. exd5 cxd5 4.
d4 Nc6 5. Nc3 e6 6. Bb5 Bb4 7.
Bd2 a6 8. Bxc6+ bxc6 9. Ne5 Ne7 10. O-O O-O 11. Bg5 f6 12. Bxf6 Rxf6 13. a3 Bd6 14.
Nd3 Nf5 15. Qh5 Nxd4 16. Ne5 Rf5 0-1

[Event "Live Chess"]
[Site "Chess.com"]
[Date "2023.05.20"]
[Round "-"]
[White "LutherSullivan"]
[Black "LodeshChess"]
[Result "1-0"]
[WhiteElo "1878"]
[BlackElo "927"]
[TimeControl "300"]
[EndTime "10:36:45 PDT"]
[Termination "LutherSullivan won by checkmate"]

1. d4 Nf6 2. Bg5 e6 3. e4 h6 4.
Bxf6 Qxf6 5. c3 Be7 6. Nd2 O-O 7.
Bd3 Nc6 8. Ne2 e5 9. d5 Nd8 10. O-O d6 11. h3 Qg5 12. Nf3 Qg6 13. Ng3 Bh4 14. Kh2 Bxg3+ 15. fxg3 c6 16. c4 c5 17. Qc2 f6 18. Nh4 Qh5 19. Be2 Qe8 20. Qd1 Nf7 21. Bh5 Qd7 22. Ng6 Re8 23. Qe2 Ng5 24. h4 Nh7 25. Rf2 Nf8 26. Raf1 Nxg6 27. Bxg6 Rf8 28. Bf5 Qe7 29. g4 Bxf5 30. gxf5 b6 31. Rf3 Rf7 32. Rg3 Qb7 33. Rff3 Re8 34. Qd2 Kh7 35.
Rg6 Rg8 36. Ra3 a6 37. Rb3 b5 38. Qa5 b4 39. g4 Rb8 40. g5 fxg5 41. hxg5 hxg5 42.
Rh3+ Kg8 43. Rxg5 Qb6 44. Qa4 a5 45. Rg6 Rf6 46. Rhg3 Rxg6 47. Rxg6 Rb7 48. Qe8+ Kh7 49. Re6 Qa7 50. Qh5+ Kg8 51. Re8# 1-0

[Event "Live Chess"]
[Site "Chess.com"]
[Date "2023.05.20"]
[Round "-"]
[White "Alan_Richardson"]
[Black "Tushinskiy"]
[Result "0-1"]
[WhiteElo "1675"]
[BlackElo "2106"]
[TimeControl "300"]
[EndTime "10:36:48 PDT"]
[Termination "Tushinskiy won by resignation"]

1. d4 d5 2. Nf3 c6 3. Bf4 Nf6 4. e3 e6 5. c4 Bd6 6. Bg3 Qe7 7. Nc3 Nbd7 8. Ne5 O-O 9. f4 Re8 10. Bd3 Nf8 11. O-O N6d7 12. f5 exf5 13. Bxf5 Nxe5 14. dxe5 Bxe5 15. cxd5 Bxg3 16. hxg3 Qxe3+ 17. Kh2 Bxf5 18. Rxf5 cxd5 19. Nxd5 Qh6+ 20. Qh5 Qxh5+ 21. Rxh5 Rad8 22. Rd1 Ne6 23. Ne7+ Rxe7 0-1

[Event "Live Chess"]
[Site "Chess.com"]
[Date "2023.05.20"]
[Round "-"]
[White "garyjc"]
[Black "Duke_of_Bebington"]
[Result "0-1"]
[WhiteElo "1024"]
[BlackElo "1584"]
[TimeControl "300"]
[EndTime "10:36:50 PDT"]
[Termination "Duke_of_Bebington won by resignation"]

1. e4 e5 2. Nf3 Nf6 3. Nxe5 d6 4. Nf3 Nxe4 5. Qe2 Qe7 6. d3 Nf6 7. Be3 d5 8. Nd4 c5 9. Nf5 Bxf5 10. Bxc5 Qxe2+ 11. Bxe2 Bxc5 12. Nc3 Nc6 13. O-O O-O 14. a3 Rfe8 15. b4 Bd4 0-1

[Event "Live Chess"]
[Site "Chess.com"]
[Date "2023.05.20"]
[Round "-"]
[White "Horseymobile"]
[Black "jameskwong"]
[Result "0-1"]
[WhiteElo "1250"]
[BlackElo "2162"]
[TimeControl "300"]
[EndTime "10:36:51 PDT"]
[Termination "jameskwong won on time"]

1. d4 Nf6 2. c4 e6 3. Nc3 Bb4 4.
Qc2 O-O 5. Bg5 d6 6. e3 Nc6 7. Bd3 h6 8. Bh4 e5 9. d5 Nb8 10. O-O-O Nbd7 11. Ne4 c6 12. a3 Bc5 13. b4 Bb6 14. Nxd6 cxd5 15. Bf5 Bc7 16. Nb5 a6 17. Nc3 Nb6 18. c5 Bxf5 19. Qxf5 Nc4 20. Bxf6 Qxf6 21. Qxf6 gxf6 22. Rxd5 Rfd8 23. Nf3 Nxa3 24. Rhd1 Nb5 25. Ne4 Kg7 26. Nh4 Rxd5 27. Rxd5 Bd8 28. Nf5+ Kg6 29. g4 h5 30. f3 hxg4 31. fxg4 a5 32. Rd7 axb4 33.
Rxb7 Nc3 0-1

[Event "Live Chess"]
[Site "Chess.com"]
[Date "2023.05.20"]
[Round "-"]
[White "Ra2orLeaf"]
[Black "siddu198"]
[Result "0-1"]
[WhiteElo "1141"]
[BlackElo "1643"]
[TimeControl "300"]
[EndTime "10:36:52 PDT"]
[Termination "siddu198 won by resignation"]

1. f4 d5 2. Nf3 d4 3. e3 dxe3 4.
dxe3 Qxd1+ 5. Kxd1 Bg4 6. Bd2 Bxf3+ 7. gxf3 Nc6 8. Nc3 O-O-O 9. a4 f6 10. a5 e5 11.
fxe5 Nxe5 12. Be2 Bb4 13. a6 b6 14. Ne4 f5 15. Nc3 Bxc3 16. bxc3 Nf6 17. f4 Neg4 18.
Ke1 Rhe8 19. h3 Nxe3 20. Bxe3 Rxe3 21. Kf2 Rde8 22. Rhe1 Rxh3 23. Bb5 Rxe1 24. Rxe1 Ne4+ 25. Kg2 Rg3+ 26. Kh2 Rxc3 27. Rd1 Rxc2+ 28. Kh3 Nf2+ 29. Kh4 Nxd1 0-1

[Event "Live Chess"]
[Site "Chess.com"]
[Date "2023.05.20"]
[Round "-"]
[White "nigelst"]
[Black "lucaskk818"]
[Result "0-1"]
[WhiteElo "1835"]
[BlackElo "1878"]
[TimeControl "300"]
[EndTime "10:37:03 PDT"]
[Termination "lucaskk818 won by checkmate"]

1. e4 e6 2. d4 d5 3. exd5 exd5 4. Nf3 Nf6 5. Bd3 c5 6. c3 c4 7. Be2 Be7 8. O-O O-O 9. b3 cxb3 10. axb3 Nc6 11. c4 dxc4 12. bxc4 h6 13. d5 Nb4 14. Ba3 Na6 15. Bxe7 Qxe7 16. Nc3 Nc5 17. Qc2 a6 18. Rfe1 Qc7 19. Na4 Nxa4 20. Qxa4 Bd7 21. Qc2 Rac8 22.
Rac1 Nxd5 23. Qd2 Nf6 24. Bd3 Rfd8 25. Bb1 Bf5 26. Qb2 Bxb1 27. Qxb1 Qf4 28. Qxb7 Rxc4 29.
Rxc4 Qxc4 30. Qe7 Re8 31. Qa3 Rxe1+ 32. Nxe1 Ne4 33. h3 Qe2 34. Nf3 Qxf2+ 35. Kh2 Qg3+ 36. Kg1 Nd2 37. Qe7 Nxf3+ 38. Kf1 Nh4 39. Qe8+ Kh7 40.
Qe4+ f5 41. Qe6 Qxg2+ 42. Ke1 Nf3+ 43. Kd1 Qd2# 0-1

[Event "Live Chess"]
[Site "Chess.com"]
[Date "2023.05.20"]
[Round "-"]
[White "ramses-IIG"]
[Black "LiamClery2020"]
[Result "0-1"]
[WhiteElo "773"]
[BlackElo "2081"]
[TimeControl "300"]
[EndTime "10:37:03 PDT"]
[Termination "LiamClery2020 won by resignation"]

1. e4 Nf6 2. Nc3 e5 3. Nf3 Nc6 4. Bb5 Bb4 5. Qe2 O-O 6. Bxc6 bxc6 7. Nxe5 Re8 8. d4 Bxc3+ 9. bxc3 c5 10. O-O d6 11.
Nc6 Qd7 12. d5 Nxd5 13. Qb5 Nxc3 14. Qc4 Nxe4 15. Na5 d5 16. Qd3 c4 17. Qd4 Qb5 18. Bb2 f6 19. Bc3 Nxc3 20. Qxc3 Bf5 21. Rfc1 d4 22.
Qa3 Rab8 23. Rab1 Qxb1 24. Rxb1 Rxb1+ 0-1

[Event "Live Chess"]
[Site "Chess.com"]
[Date "2023.05.20"]
[Round "-"]
[White "wadsy27"]
[Black "Pablo_dmp"]
[Result "1-0"]
[WhiteElo "2587"]
[BlackElo "1871"]
[TimeControl "300"]
[EndTime "10:37:08 PDT"]
[Termination "wadsy27 won by resignation"]

1. d4 d5 2. Bf4 Nf6 3. e3 Bf5 4. Nd2 e6 5. Ngf3 c5 6. c3 Nc6 7. Nh4 Bd6 8. Nxf5 exf5 9. Bxd6 Qxd6 10. dxc5 Qxc5 11. Nb3 Qe7 12. Nd4 Nxd4 13. Qxd4 O-O 14. Bd3 g6 15. O-O Rfe8 16. a4 Qe5 17. a5 Qxd4 18.
cxd4 a6 19. Rfc1 Re7 20. Rc2 Rd8 21. Rac1 Rdd7 22. g3 Kg7 23. Kf1 Ne8 24. Rc5 Nf6 25. Rc8 Re8 26. Ke2 h5 27. Rxe8 Nxe8 28. Rc5 Nf6 29. Bc2 Ne4 30. Bxe4 fxe4 31. Kd2 Kf6 32. Kc3 Ke7 33. Kb4 Kd6 34. Rc8 Ke6 35. Kc5 Kf5 36. h3 g5 37. b4 g4 38. h4 Ke6 39. Re8+ Kf6 40. Rc8 Ke6 41. Kb6 Kd6 42. Rh8 Rc7 43.
Rh6+ Kd7 44. Rxh5 Rc6+ 45. Kxb7 Rc4 46. Rxd5+ Ke6 47. Re5+ Kd6 48. b5 axb5 49. a6 Rc2 50. a7 Rxf2 51. a8=Q 1-0

[Event "Live Chess"]
[Site "Chess.com"]
[Date "2023.05.20"]
[Round "-"]
[White "Fazer180"]
[Black "matt1979"]
[Result "1-0"]
[WhiteElo "1715"]
[BlackElo "1457"]
[TimeControl "300"]
[EndTime "10:37:09 PDT"]
[Termination "Fazer180 won by resignation"]

1. e4 g6 2. d4 Bg7 3. Nf3 b6 4.
Nc3 Bb7 5. Bf4 d6 6. Bc4 e6 7. e5 d5 8. Be2 Nd7 9. O-O Ne7 10.
Bg5 h6 11. Bxe7 Qxe7 12. Nb5 Nb8 13. c4 a6 14. Na3 Nd7 15. Qc2 Rc8 16. cxd5 Bxd5 17.
Bxa6 Ra8 18. Bb5 Qd8 19. Rfc1 Ra7 20. Bc6 Bxf3 21. Bxf3 O-O 22. Nb5 Rb7 23. Bxb7 1-0